NCAA
KENTUCKY WILDCATS @ MICHIGAN STATE SPARTANS
05/24/2024
 
TOP OF THE 1ST
Kentucky Wildcats batting - Pitching for Michigan State Spartans : RHP Adam MacDonald
Pitching: RHP Adam MacDonald
Batting: RHB Jerry Gentry 0-0: Ball
1-0: Called Strike
1-1: SINGLE (Groundball, 4M)
Batting: RHB Ricky White 0-0: Called Strike
0-1: Swinging Strike
0-2: Ball
1-2: Ball
2-2: Foul Ball, location: 2F
2-2: Strikes out swinging
Batting: RHB Phil McJannett 0-0: Called Strike
Jerry Gentry is caught stealing 2nd base
0-1: Called Strike
0-2: Ball
1-2: Ball
2-2: Strikes out looking
Top of the 1st over - 0 run(s), 1 hit(s), 0 error(s), 0 left on base; Kentucky 0 - Michigan State 0
BOTTOM OF THE 1ST
Michigan State Spartans batting - Pitching for Kentucky Wildcats : LHP Gilbert Barker
Pitching: LHP Gilbert Barker
Batting: RHB David Robbins 0-0: Ball
1-0: Called Strike
1-1: Ball
2-1: Ball
3-1: Base on Balls
Batting: RHB Juan García 0-0: Ball
1-0: Called Strike
1-1: Swinging Strike
1-2: Foul Ball, location: 2F
1-2: Strikes out swinging
Batting: RHB Andrew Holmes 0-0: Ball
1-0: Foul Ball, location: 2F
1-1: Ball
2-1: Foul Ball, location: 2F
2-2: Ball
3-2: Base on Balls
David Robbins to second
Batting: LHB Troy Jackson 0-0: Called Strike
0-1: Swinging Strike
0-2: SINGLE (Groundball, 4M)
David Robbins to third
Andrew Holmes to second
Runner from 3rd tries for Home, SAFE, throw made home
Andrew Holmes to third
Troy Jackson to second
Batting: SHB Edmond Richardson 0-0: Ball
1-0: Foul Ball, location: 2F
1-1: Called Strike
1-2: Ball
2-2: Strikes out swinging
Batting: RHB Jorge Carranza 0-0: Ball
Wild Pitch!
Andrew Holmes scores
Troy Jackson to third
1-0: DOUBLE (Line Drive, 5D)
Troy Jackson scores
Batting: RHB David Bautista 0-0: Fly out, F9 (Flyball, 89M)
Bottom of the 1st over - 3 run(s), 2 hit(s), 0 error(s), 1 left on base; Kentucky 0 - Michigan State 3
TOP OF THE 2ND
Kentucky Wildcats batting - Pitching for Michigan State Spartans : RHP Adam MacDonald
Batting: LHB Carlos Romero 0-0: Called Strike
0-1: Called Strike
0-2: Ball
1-2: Ball
2-2: Strikes out swinging
Batting: RHB Francisco Solgato 0-0: Called Strike
0-1: Swinging Strike
0-2: Strikes out swinging
Batting: LHB John Hudson 0-0: Ball
1-0: Called Strike
1-1: Ball
2-1: Ball
3-1: Called Strike
3-2: SOLO HOME RUN (Flyball, 89XD), Distance : 374 ft
Batting: RHB Chris Rice 0-0: Foul Ball, location: 2F
0-1: Fly out, F8 (Flyball, 8RS)
Top of the 2nd over - 1 run(s), 1 hit(s), 0 error(s), 0 left on base; Kentucky 1 - Michigan State 3
BOTTOM OF THE 2ND
Michigan State Spartans batting - Pitching for Kentucky Wildcats : LHP Gilbert Barker
Batting: RHB Herman O'Gleason 0-0: Called Strike
0-1: Ball
1-1: Fly out, F2 (Popup, 2LF)
Batting: RHB Clinton Cook 0-0: Ball
1-0: Swinging Strike
1-1: Ball
2-1: Ball
3-1: Base on Balls
Batting: RHB David Robbins 0-0: Fly out, F9 (Flyball, 9M)
Batting: RHB Juan García 0-0: Ball
1-0: Swinging Strike
1-1: Ball
2-1: Swinging Strike
2-2: Foul Ball, location: 2F
2-2: Ball
3-2: Foul Ball, location: 2F
3-2: Fly out, F8 (Popup, 8LS)
Bottom of the 2nd over - 0 run(s), 0 hit(s), 0 error(s), 1 left on base; Kentucky 1 - Michigan State 3
TOP OF THE 3RD
Kentucky Wildcats batting - Pitching for Michigan State Spartans : RHP Adam MacDonald
Batting: RHB Jack Sweet 0-0: Swinging Strike
0-1: Swinging Strike
0-2: Foul Ball, location: 2F
0-2: Strikes out swinging wild pitch, reaches first!
Batting: RHB Eddie Higgins 0-0: Ball
1-0: SINGLE (Groundball, 56D)
Jack Sweet to second
Batting: RHB Jerry Gentry 0-0: Ball
1-0: SINGLE (Popup, 78S)
Jack Sweet to third
Eddie Higgins to second
Runner from 3rd tries for Home, SAFE, no throw or cutoff
Batting: RHB Ricky White 0-0: Swinging Strike
0-1: Fielders Choice at 2nd, 1-6 (Groundball, 13S)
Eddie Higgins to third
Batting: RHB Phil McJannett 0-0: Foul Ball, location: 2F
0-1: Foul Ball, location: 2F
0-2: Strikes out swinging
Batting: LHB Carlos Romero 0-0: Called Strike
0-1: Ball
1-1: Called Strike
1-2: SINGLE (Line Drive, 34D)
Eddie Higgins scores
Ricky White to second
Batting: RHB Francisco Solgato 0-0: Called Strike
0-1: Ball
1-1: Called Strike
1-2: Ball
2-2: Foul Ball, location: 2F
2-2: Ball
3-2: Strikes out swinging
Top of the 3rd over - 2 run(s), 3 hit(s), 0 error(s), 2 left on base; Kentucky 3 - Michigan State 3
BOTTOM OF THE 3RD
Michigan State Spartans batting - Pitching for Kentucky Wildcats : LHP Gilbert Barker
Batting: RHB Andrew Holmes 0-0: Ball
1-0: Called Strike
1-1: Called Strike
1-2: Strikes out swinging
Batting: LHB Troy Jackson 0-0: Called Strike
0-1: Ball
1-1: Swinging Strike
1-2: Ground out 1-3 (Groundball, 15)
Batting: SHB Edmond Richardson 0-0: Called Strike
0-1: Called Strike
0-2: Ball
1-2: Strikes out swinging
Bottom of the 3rd over - 0 run(s), 0 hit(s), 0 error(s), 0 left on base; Kentucky 3 - Michigan State 3
TOP OF THE 4TH
Kentucky Wildcats batting - Pitching for Michigan State Spartans : RHP Adam MacDonald
Batting: LHB John Hudson 0-0: Ball
1-0: SOLO HOME RUN (Flyball, 9LD), Distance : 325 ft
Batting: RHB Chris Rice 0-0: Called Strike
0-1: Ground out 6-3 (Groundball, 6)
Batting: RHB Jack Sweet 0-0: Ground out 4-3 (Groundball, 4)
Batting: RHB Eddie Higgins 0-0: Swinging Strike
0-1: Called Strike
0-2: Foul Ball, location: 2F
0-2: Ball
1-2: Foul Ball, location: 2F
1-2: Foul Ball, location: 2F
1-2: Fly out, F9 (Flyball, 9M)
Top of the 4th over - 1 run(s), 1 hit(s), 0 error(s), 0 left on base; Kentucky 4 - Michigan State 3
BOTTOM OF THE 4TH
Michigan State Spartans batting - Pitching for Kentucky Wildcats : LHP Gilbert Barker
Batting: RHB Jorge Carranza 0-0: Ball
1-0: Ground out U3 (Groundball, 3)
Batting: RHB David Bautista 0-0: SINGLE (Groundball, 6MD)
Batting: RHB Herman O'Gleason 0-0: Fly out, F7 (Flyball, 7M)
Batting: RHB Clinton Cook 0-0: Ball
1-0: Called Strike
1-1: Called Strike
1-2: Foul Ball, location: 2F
1-2: Strikes out looking
Bottom of the 4th over - 0 run(s), 1 hit(s), 0 error(s), 1 left on base; Kentucky 4 - Michigan State 3
TOP OF THE 5TH
Kentucky Wildcats batting - Pitching for Michigan State Spartans : RHP Adam MacDonald
Batting: RHB Jerry Gentry 0-0: Ball
1-0: Called Strike
1-1: Ball
2-1: Called Strike
2-2: Ground out 5-3 (Groundball, 5S)
Batting: RHB Ricky White 0-0: Ball
1-0: Foul Ball, location: 2F
1-1: Foul Ball, location: 2F
1-2: Ball
2-2: Strikes out looking
Batting: RHB Phil McJannett 0-0: Ball
1-0: Called Strike
1-1: SINGLE (Line Drive, 34)
Batting: LHB Carlos Romero 0-0: Ball
1-0: Foul Ball, location: 2F
1-1: Foul Ball, location: 2F
1-2: Strikes out looking
Top of the 5th over - 0 run(s), 1 hit(s), 0 error(s), 1 left on base; Kentucky 4 - Michigan State 3
BOTTOM OF THE 5TH
Michigan State Spartans batting - Pitching for Kentucky Wildcats : LHP Gilbert Barker
Batting: RHB David Robbins 0-0: SINGLE (Groundball, 4)
Batting: RHB Juan García 0-0: Swinging Strike
0-1: Ball
1-1: Swinging Strike
1-2: Foul Ball, location: 2F
1-2: Strikes out swinging
Batting: RHB Andrew Holmes 0-0: Called Strike
0-1: Called Strike
0-2: Fly out, F9 (Flyball, 89M)
Batting: LHB Troy Jackson 0-0: Ball
1-0: Ball
David Robbins is caught stealing 2nd base
Bottom of the 5th over - 0 run(s), 1 hit(s), 0 error(s), 0 left on base; Kentucky 4 - Michigan State 3
TOP OF THE 6TH
Kentucky Wildcats batting - Pitching for Michigan State Spartans : RHP Adam MacDonald
Pitching: RHP Michael Wilkins
Batting: RHB Francisco Solgato 0-0: Called Strike
0-1: Ball
1-1: Foul Ball, location: 2F
1-2: Reached on error, E5 (Groundball, 56S)
Batting: LHB John Hudson 0-0: Called Strike
0-1: Ball
1-1: Foul Ball, location: 2F
1-2: Ball
2-2: Foul Ball, location: 2F
2-2: Strikes out swinging
Batting: RHB Chris Rice 0-0: Swinging Strike
0-1: Called Strike
0-2: Ball
1-2: Ball
2-2: Strikes out swinging
Batting: RHB Jack Sweet 0-0: Called Strike
0-1: Foul Ball, location: 2F
0-2: Fielders Choice at 2nd, 6-4 (Groundball, 56)
Top of the 6th over - 0 run(s), 0 hit(s), 1 error(s), 0 left on base; Kentucky 4 - Michigan State 3
BOTTOM OF THE 6TH
Michigan State Spartans batting - Pitching for Kentucky Wildcats : LHP Gilbert Barker
Batting: LHB Troy Jackson 0-0: Called Strike
0-1: Foul Ball, location: 2F
0-2: Ground out 5-3 (Groundball, 56)
Batting: SHB Edmond Richardson 0-0: Ball
1-0: Ground out 6-3 (Groundball, 6M)
Batting: RHB Jorge Carranza 0-0: Ball
1-0: Foul Ball, location: 2F
1-1: Foul Ball, location: 2F
1-2: DOUBLE (Line Drive, 8LM)
Pitching: RHP Mike Marks
Batting: RHB David Bautista 0-0: Ball
1-0: Foul Ball, location: 2F
1-1: Swinging Strike
1-2: Ball
2-2: Ball
3-2: Fly out, F2 (Popup, 2RF)
Bottom of the 6th over - 0 run(s), 1 hit(s), 0 error(s), 1 left on base; Kentucky 4 - Michigan State 3
TOP OF THE 7TH
Kentucky Wildcats batting - Pitching for Michigan State Spartans : RHP Michael Wilkins
Batting: RHB Eddie Higgins 0-0: Fly out, F5 (Popup, 56)
Batting: RHB Jerry Gentry 0-0: Called Strike
0-1: Foul Ball, location: 2F
0-2: Ball
1-2: Strikes out swinging
Batting: RHB Ricky White 0-0: Ball
1-0: Swinging Strike
1-1: Ground out 6-3 (Groundball, 6)
Top of the 7th over - 0 run(s), 0 hit(s), 0 error(s), 0 left on base; Kentucky 4 - Michigan State 3
BOTTOM OF THE 7TH
Michigan State Spartans batting - Pitching for Kentucky Wildcats : RHP Mike Marks
Batting: RHB Herman O'Gleason 0-0: Ball
1-0: Called Strike
1-1: Ground out 6-3 (Groundball, 6)
Batting: RHB Clinton Cook 0-0: Ball
1-0: SINGLE (Line Drive, 9S)
Batting: RHB David Robbins 0-0: Ball
1-0: Fly out, F7 (Flyball, 7M)
Batting: RHB Juan García 0-0: Ball
1-0: Ball
2-0: Called Strike
2-1: Foul Ball, location: 2F
2-2: Strikes out looking
Bottom of the 7th over - 0 run(s), 1 hit(s), 0 error(s), 1 left on base; Kentucky 4 - Michigan State 3
TOP OF THE 8TH
Kentucky Wildcats batting - Pitching for Michigan State Spartans : RHP Michael Wilkins
Pitching: RHP Randy Olson
Batting: RHB Phil McJannett 0-0: Swinging Strike
0-1: Foul Ball, location: 2F
0-2: SINGLE (Groundball, 56)
Batting: LHB Carlos Romero 0-0: Called Strike
0-1: Foul Ball, location: 2F
0-2: Fly out, F8 (Flyball, 8RM)
Batting: RHB Francisco Solgato 0-0: Ball
1-0: Reached on error, E5 (Groundball, 5)
Phil McJannett to second
Batting: LHB John Hudson 0-0: Called Strike
0-1: Foul Ball, location: 2F
0-2: Ball
1-2: Ball
2-2: Ball
3-2: Fly out, F7 (Flyball, 7D)
Runner from 2nd tags up, SAFE at 3rd, no throw
Batting: RHB Chris Rice 0-0: Ball
1-0: Ball
2-0: Foul Ball, location: 2F
2-1: Fly out, F9 (Flyball, 89M)
Top of the 8th over - 0 run(s), 1 hit(s), 1 error(s), 2 left on base; Kentucky 4 - Michigan State 3
BOTTOM OF THE 8TH
Michigan State Spartans batting - Pitching for Kentucky Wildcats : RHP Mike Marks
Pitching: RHP Sean Martínez
Batting: RHB Andrew Holmes 0-0: Swinging Strike
0-1: Foul Ball, location: 2F
0-2: Ball
1-2: Ball
2-2: Ball
3-2: Base on Balls
Pitching: LHP Bill Sutton
Batting: LHB Troy Jackson 0-0: Called Strike
0-1: SINGLE (Line Drive, 6)
Andrew Holmes to second
Pitching: RHP Joe Chacón
Batting: SHB Edmond Richardson 0-0: Ball
1-0: Ball
2-0: Called Strike
2-1: Foul Ball, location: 2F
2-2: Strikes out swinging
Batting: RHB Jorge Carranza 0-0: Ball
1-0: Foul Ball, location: 2F
1-1: Swinging Strike
1-2: Strikes out looking
Batting: RHB David Bautista 0-0: Ball
1-0: Fly out, F7 (Flyball, 7M)
Bottom of the 8th over - 0 run(s), 1 hit(s), 0 error(s), 2 left on base; Kentucky 4 - Michigan State 3
TOP OF THE 9TH
Kentucky Wildcats batting - Pitching for Michigan State Spartans : RHP Randy Olson
Batting: RHB Jack Sweet 0-0: Ball
1-0: Called Strike
1-1: Called Strike
1-2: Ball
2-2: Strikes out swinging
Batting: RHB Eddie Higgins 0-0: Ball
1-0: Foul Ball, location: 2F
1-1: Foul Ball, location: 2F
1-2: Fly out, F8 (Flyball, 8LM)
Batting: RHB Jerry Gentry 0-0: SINGLE (Groundball, 4MD)
Batting: RHB Ricky White 0-0: Ball
1-0: Ball
2-0: Ball
3-0: Base on Balls
Jerry Gentry to second
Batting: RHB Phil McJannett 0-0: Ball
1-0: Ball
2-0: Ball
3-0: Base on Balls
Jerry Gentry to third
Ricky White to second
Batting: LHB Carlos Romero 0-0: Ball
Wild Pitch!
Jerry Gentry scores
Ricky White to third
Phil McJannett to second
1-0: Ball
2-0: Ball
3-0: Called Strike
3-1: Swinging Strike
3-2: Foul Ball, location: 2F
3-2: Base on Balls
Batting: RHB Francisco Solgato 0-0: Called Strike
0-1: Ball
1-1: Ball
2-1: Fly out, F8 (Flyball, 8RM)
Top of the 9th over - 1 run(s), 1 hit(s), 0 error(s), 3 left on base; Kentucky 5 - Michigan State 3
BOTTOM OF THE 9TH
Michigan State Spartans batting - Pitching for Kentucky Wildcats : RHP Joe Chacón
Pitching: RHP Philip Spence
Batting: RHB Herman O'Gleason 0-0: Called Strike
0-1: Ball
1-1: Ball
2-1: Foul Ball, location: 2F
2-2: Strikes out swinging
Batting: RHB Clinton Cook 0-0: Ball
1-0: Ball
2-0: Ball
3-0: Called Strike
3-1: Ground out 5-3 (Groundball, 56)
Batting: RHB David Robbins 0-0: Foul Ball, location: 2F
0-1: Ball
1-1: Ball
2-1: Ball
3-1: Called Strike
3-2: Base on Balls
Batting: RHB Juan García 0-0: Called Strike
0-1: Swinging Strike
0-2: Foul Ball, location: 2F
0-2: Ball
1-2: Ball
2-2: Strikes out swinging
Bottom of the 9th over - 0 run(s), 0 hit(s), 0 error(s), 1 left on base; Kentucky 5 - Michigan State 3
This league is powered by Out of the Park Baseball, the baseball management simulation game for PC, Mac and Linux
Saturday, April 9th, 2016 - OOTP Baseball 16.8 Build 38